 Dungeon Crawl Stone Soup version 0.28-a0-706-gf6f64a616a (webtiles) character file.

Game seed: 15794250506818486930

17570 frimble the Arsonist (level 12, -5/92 HPs)
             Began as a Demonspawn Fire Elementalist on Oct 25, 2021.
             Slain by a meliai (8 damage)
             ... in a Gauntlet.
             The game lasted 00:18:06 (13021 turns).

frimble the Arsonist (DsFE)                        Turns: 13021, Time: 00:18:07

Health: -5/92      AC: 11    Str: 15    XL:     12   Next: 20%
Magic:  14/19      EV: 13    Int: 22    God:
Gold:   531        SH:  0    Dex: 13    Spells: 13/21 levels left

rFire   + + .      SeeInvis .   t - +8 quick blade "Ogre's Undoing" {spect, rPois}
rCold   + . .      Faith    .   (no shield)
rNeg    . . .      Spirit   .   I - +0 troll leather armour
rPois   +          Reflect  .   j - +0 hat
rElec   .          Harm     .   z - scarf {rC+ rF+}
rCorr   .          Rampage  .   (no gloves)
Will    +....      NoTele   +   q - +2 pair of boots
Stlth   ++........              u - amulet of the acrobat
HPRegen 1.25/turn               i - ring of willpower
MPRegen 0.16/turn               L - +6 ring of strength

@: mighty, lethally poisoned (-5 -> -27)
A: antennae 2, molten scales 3, demonic guardian 1, powered by pain 1
a: no special abilities


You were in a Gauntlet.
You visited 1 branch of the dungeon, and saw 12 of its levels.
You also visited: Gauntlet.

You collected 531 gold pieces.

Inventory:

Hand Weapons
 t - the +8 quick blade "Ogre's Undoing" (weapon) {spect, rPois}
   (You acquired it on level 4 of the Dungeon)

   When its wielder attacks, the weapon's spirit leaps out and strikes again.
   The spirit shares a part of any damage it takes with its wielder.
   rPois:     It protects you from poison.
Armour
 j - a +0 hat (worn)
 q - a +2 pair of boots (worn)
 z - a scarf of resistance (worn)
 F - a +0 kite shield
 I - a +0 troll leather armour (worn)
Jewellery
 a - the ring "Ceyproc" {*Slow +Blink rElec Will+ Int+3}
   (You found it in a Gauntlet)

   [ring of willpower]

   Int:       It affects your intelligence (+3).
   rElec:     It insulates you from electricity.
   +Blink:    It lets you blink.
   *Slow:     It may slow you when you take damage.
   Will:      It increases your willpower.
 c - a ring of ice
 i - a ring of willpower (left hand)
 m - a ring of fire
 o - a ring of ice
 s - a ring of ice
 u - an amulet of the acrobat (around neck)
 y - a ring of protection from fire
 J - a ring of protection from fire
 L - a +6 ring of strength (right hand)
 M - the amulet of Winebon {Faith rElec rC+ rN+ Dex-3}
   (You found it in a Gauntlet)

   [amulet of faith]

   It allows you to gain divine favour quickly.
   Dex:       It affects your dexterity (-3).
   rC:        It protects you from cold.
   rElec:     It insulates you from electricity.
   rN:        It protects you from negative energy.
Wands
 h - a wand of flame (31)
 v - a wand of iceblast (20)
 B - a wand of paralysis (14)
 C - a wand of polymorph (9)
Scrolls
 d - a scroll of magic mapping
 g - 3 scrolls of enchant armour
 k - 3 scrolls of fog
 l - a scroll of teleportation
 p - 4 scrolls of amnesia
 x - a scroll of enchant weapon
Potions
 e - a potion of magic
 f - a potion of attraction {unknown}
 n - a potion of haste
 r - 5 potions of might {unknown}
 w - 3 potions of curing {unknown}
 A - 2 potions of resistance {unknown}
 D - 4 potions of lignification {unknown}
 E - 2 potions of invisibility {unknown}
 G - a potion of flight
 H - 4 potions of brilliance
 K - 2 potions of ambrosia


   Skills:
 + Level 8.1 Fighting
 - Level 8.0 Short Blades
 - Level 3.0 Armour
 + Level 4.9 Dodging
 - Level 4.0 Stealth
 + Level 5.2 Spellcasting
 + Level 7.8 Conjurations
 - Level 3.0 Hexes
 + Level 8.5 Fire Magic
 + Level 6.5 Evocations


You had 13 spell levels left.
You knew the following spells:

 Your Spells              Type           Power      Damage    Failure   Level
a - Foxfire               Conj/Fire      100%       2x1d9     1%          1
b - Inner Flame           Hex/Fire       31%        N/A       3%          3
c - Flame Wave            Conj/Fire      41%        3d8       4%          4

Your spell library contained the following spells:

 Spells                   Type           Power      Damage    Failure   Level
 Scorch                   Fire           86%        2d9       1%          2
 Conjure Flame            Conj/Fire      41%        6-21      1%          3
 Stone Arrow              Conj/Erth      46%        3d9       8%          3
 Animate Skeleton         Necr           10%        N/A       12%         1
 Pain                     Necr           20%        1d5       12%         1
 Summon Small Mammal      Summ           20%        N/A       12%         1
 Passwall                 Tmut/Erth      4%         N/A       19%         2
 Summon Guardian Golem    Hex/Summ       12%        N/A       21%         3
 Call Canine Familiar     Summ           5%         N/A       36%         3
 Ozocubu's Armour         Ice            5%         N/A       36%         3
 Swiftness                Air            5%         N/A       36%         3
 Vampiric Draining        Necr           2%         2d6       36%         3
 Animate Armour           Summ/Erth      10%        N/A       77%         4
 Passage of Golubria      Tloc           5%         N/A       77%         4
 Metabolic Englaciation   Hex/Ice        6%         N/A       88%         5
 Silence                  Hex/Air        6%         N/A       88%         5
 Invisibility             Hex            9%         N/A       99%         6
 Simulacrum               Ice/Necr       2%         N/A       100%        6
 Summon Cactus Giant      Summ           2%         N/A       100%        6
 Lehudib's Crystal Spear  Conj/Erth      11%        10d4      100%        8


Dungeon Overview and Level Annotations

Branches:
Dungeon (12/15)            Temple (0/1) D:7            Lair (0/6) D:9
    Orc (0/2) D:10        Gauntlet (1/1)

Altars:
Cheibriados
Elyvilon
Hepliaklqana
Makhleb
Nemelex Xobeh
Vehumet
Xom
The Shining One
Beogh

Annotations:
D:5 exclusions: bush and centaur Gauntlet 17 runed translucent doors, 11 transporters, exclusion: 2 lightning spires


Innate Abilities, Weirdness & Mutations

You have a pair of antennae on your head.
You are completely covered in molten scales. (AC +4, rF+)
A weak demonic guardian rushes to your aid.
You sometimes gain a little power by taking damage.


Message History

The meliai barely misses you.
The meliai stings you but does no damage.
The meliai calls down the wrath of its god upon you.
Something smites you!
* * * LOW HITPOINT WARNING * * *
The meliai calls upon its god to heal the meliai.
The meliai is healed somewhat.
The meliai closely misses you.
The meliai completely misses your shadow imp.
The meliai stings you but does no damage.
Your shadow imp hits the meliai.
Casting: Flame Wave (dangerous; 4% risk of failure)
Confirm with . or Enter, or press ? or * to list all spells.
Okay, then.
Unknown command.
You feel much better.
You feel very sick. The meliai hits you with a +0 hand axe!
* * * LOW HITPOINT WARNING * * *
The meliai stings you but does no damage.
The meliai barely misses you.
The meliai hits your shadow imp with a +0 hand axe.
The meliai stings you!
* * * LOW HITPOINT WARNING * * *
You are lethally poisoned!
The meliai poisons you! The meliai hits you with a +0 hand axe.
* * * LOW HITPOINT WARNING * * *
The meliai misses you. The meliai hits you with a +0 hand axe.
* * * LOW HITPOINT WARNING * * *
The meliai closely misses your shadow imp.
The meliai stings you but does no damage.
Your shadow imp gestures at the meliai.
The meliai struggles to resist.
Okay, then.
Unknown command.
You closely miss the meliai.
The meliai is moderately wounded.
Your +8 quick blade "Ogre's Undoing" {spect, rPois} hits the meliai.
* * * LOW HITPOINT WARNING * * *
You feel sick. The meliai hits you with a +0 hand axe!
You die...

...#©...........©#...§§§.....#©..
...#######.#######...§≈8≈....####
#........#.#.........§§≈.........
#........#.###########...########
#######..#.#...^..yyy#...#.......
#8#..#.#.^##.##^.#...#.##...#
###..#.#.##...##[#...#[#.#.#.
#..#.#.#.....#$#...#..##.##
###..#©#...y@...©#...#©.#.©.#
#8#..###.#^(y5.#.#...#!.##.##
###....#.##...##}#...#$#.#.#.
#....#.^##.##^.#...#.##...#
###..#...^.....#...#.......
#8#..###########...########
###........#©#...§...#©#...
#≈.......#.#..≈§≈..#.#...
##########.#########.####


You could see 2 meliai, a friendly +8 quick blade "Ogre's Undoing" {spect,
rPois} (summoned) and a friendly shadow imp (summoned).

Vanquished Creatures
  A fire dragon (D:9)
  Fannar (D:10)
  A boulder beetle (D:11)
  2 hydras
  A centaur warrior (D:9)
  2 two-headed ogres (D:10)
  2 thrashing horrors (Gauntlet)
  Pikel (D:7)
  2 cyclopes (D:11)
  An ice statue (Gauntlet)
  A gargoyle (D:11)
  A rime drake (Gauntlet)
  5 kobold demonologists
  A meliai (Gauntlet)
  A troll (D:10)
  Sigmund (D:2)
  11 yaks (D:9)
  A shadow (D:10)
  A wyvern (D:7)
  2 wraiths
  Grum (D:8)
  5 vampire mosquitoes
  A water moccasin (D:4)
  3 acid dragons
  2 small abominations (Gauntlet)
  5 orc warriors
  2 sky beasts
  A black bear (D:8)
  3 necrophages
  A centaur (D:11)
  2 wolves (D:8)
  3 ogres (D:5)
  A phantom (D:6)
  4 kobold brigands
  A lemure (D:7)
  2 bullfrogs (D:8)
  A gnoll sergeant (D:8)
  A scorpion (D:5)
  A wyvern skeleton (D:6)
  2 water moccasin skeletons
  3 killer bees (D:5)
  8 electric eels
  3 howler monkeys (D:9)
  3 centaur zombies
  2 hounds
  2 jellies
  A centaur skeleton (D:7)
  4 orc priests
  A bullfrog skeleton (D:6)
  Jessica (D:3)
  2 iguanas (D:5)
  7 orc wizards
  2 hound skeletons
  5 gnolls
  A howler monkey skeleton (D:6)
  4 adders
  An ufetubus (D:5)
  An adder skeleton (D:4)
  29 orcs
  5 endoplasms
  4 giant cockroaches
  11 goblins
  7 hobgoblins
  A jackal (D:3)
  A quokka (D:1)
  6 ball pythons
  6 bats
  3 frilled lizards
  A jackal zombie (D:3)
  23 kobolds
  6 rats
235 creatures vanquished.

Vanquished Creatures (collateral kills)
  A steam dragon (D:4)
  A necrophage (D:4)
  Robin (D:3)
  3 goblins (D:3)
  2 hobgoblins
  2 jackals (D:3)
  4 foxfires
14 creatures vanquished.

Vanquished Creatures (others)
  An endoplasm (D:4)
  405 foxfires
  23 plants (D:10)
  2 withered plants (D:3)
431 creatures vanquished.

Grand Total: 680 creatures vanquished

Notes
Turn   | Place    | Note
-------+----------+-------------------------------------------
     0 | D:1      | frimble the Demonspawn Fire Elementalist began the quest
                  | for the Orb.
     0 | D:1      | Reached XP level 1. HP: 13/13 MP: 3/3
   433 | D:1      | Gained mutation: A weak demonic guardian rushes to your
                  | aid. [demonic ancestry]
   433 | D:1      | Reached XP level 2. HP: 17/19 MP: 5/5
   818 | D:1      | Reached skill level 1 in Short Blades
  1274 | D:1      | Reached XP level 3. HP: 24/24 MP: 6/6
  1463 | D:2      | Found a faded altar of an unknown god.
  1583 | D:2      | Noticed Sigmund
  1599 | D:2      | Killed Sigmund
  1600 | D:2      | Gained mutation: You are partially covered in molten
                  | scales. (AC +2) [demonic ancestry]
  1600 | D:2      | Reached XP level 4. HP: 23/30 MP: 0/7
  1600 | D:2      | Reached XP level 5. HP: 27/35 MP: 0/8
  2240 | D:3      | Noticed Robin
  2280 | D:3      | Killed Robin
  2281 | D:3      | Gained mutation: You have a pair of small antennae on your
                  | head. [demonic ancestry]
  2281 | D:3      | Reached XP level 6. HP: 3/41 MP: 7/9
  2614 | D:3      | Learned a level 3 spell: Inner Flame
  2664 | D:3      | Noticed Jessica
  2668 | D:3      | Killed Jessica
  2726 | D:3      | Found a hazy altar of Hepliaklqana.
  2925 | D:4      | Noticed a water moccasin
  2931 | D:4      | Killed a water moccasin
  2932 | D:4      | Gained mutation: You are mostly covered in molten scales.
                  | (AC +3) [demonic ancestry]
  2932 | D:4      | Reached XP level 7. HP: 46/46 MP: 3/10
  3002 | D:4      | Noticed a steam dragon
  3044 | D:3      | Learned a level 4 spell: Flame Wave
  3156 | D:5      | Entered Level 5 of the Dungeon
  3250 | D:5      | Reached skill level 5 in Fire Magic
  3611 | D:5      | Reached skill level 5 in Conjurations
  4232 | D:5      | Gained mutation: You have a pair of antennae on your head.
                  | [demonic ancestry]
  4232 | D:5      | Reached XP level 8. HP: 52/52 MP: 6/11
  4299 | D:5      | Reached skill level 5 in Short Blades
  5517 | D:4      | Identified a scroll of acquirement
  5517 | D:4      | Acquired the +8 quick blade "Ogre's Undoing" {spect, rPois}
  6460 | D:7      | Noticed Pikel
  6556 | D:7      | Killed Pikel
  6557 | D:7      | Gained mutation: You sometimes gain a little power by
                  | taking damage. [demonic ancestry]
  6557 | D:7      | Reached XP level 9. HP: 56/57 MP: 10/12
  6664 | D:7      | Found the +5 scythe "Finisher" {speed, eviscerate}
  6682 | D:7      | Found a staircase to the Ecumenical Temple.
  6771 | D:7      | Noticed a six-headed hydra
  6807 | D:7      | Killed a six-headed hydra
  7179 | D:7      | Found a shimmering altar of Xom.
  7276 | D:7      | Found a snail-covered altar of Cheibriados.
  7348 | D:7      | Found a burning altar of Makhleb.
  7505 | D:8      | Reached skill level 5 in Fighting
  7506 | D:8      | Reached XP level 10. HP: 75/75 MP: 9/13
  7513 | D:8      | Reached skill level 1 in Hexes
  7796 | D:8      | Found a sparkling altar of Nemelex Xobeh.
  8364 | D:8      | Noticed Grum
  8373 | D:8      | Reached skill level 1 in Evocations
  8379 | D:8      | Killed Grum
  8823 | D:9      | Noticed a centaur warrior
  8843 | D:9      | Killed a centaur warrior
  9118 | D:9      | Reached skill level 1 in Armour
  9652 | D:9      | Found a staircase to the Lair.
  9654 | D:9      | Noticed a fire dragon
  9668 | D:9      | Killed a fire dragon
  9959 | D:9      | Reached XP level 11. HP: 67/83 MP: 15/15
 10132 | D:10     | Entered Level 10 of the Dungeon
 10141 | D:10     | Noticed a two-headed ogre
 10152 | D:10     | Killed a two-headed ogre
 10328 | D:10     | Noticed Fannar
 10342 | D:10     | Killed Fannar
 10343 | D:10     | Reached skill level 5 in Evocations
 10467 | D:10     | Noticed a two-headed ogre
 10476 | D:10     | Killed a two-headed ogre
 10614 | D:10     | Found a radiant altar of Vehumet.
 10898 | D:10     | Found a staircase to the Orcish Mines.
 11721 | D:11     | Noticed a boulder beetle
 11745 | D:11     | Killed a boulder beetle
 12444 | D:12     | Noticed a deep elf pyromancer
 12464 | D:12     | Found a gate leading to a gauntlet.
 12464 | D:12     | Noticed an eight-headed hydra
 12480 | D:12     | Killed an eight-headed hydra
 12494 | D:12     | Gained mutation: You are completely covered in molten
                  | scales. (AC +4, rF+) [demonic ancestry]
 12494 | D:12     | Reached XP level 12. HP: 66/92 MP: 14/19
 12509 | Gauntlet | Entered a Gauntlet
 12509 | Gauntlet | Found a large runed translucent door.
 12509 | Gauntlet | Found a large runed translucent door.
 12509 | Gauntlet | Found a large runed translucent door.
 12509 | Gauntlet | Found a large runed translucent door.
 12509 | Gauntlet | Found a large runed translucent door.
 12509 | Gauntlet | Found a large runed translucent door.
 12509 | Gauntlet | Found a runed translucent door.
 12509 | Gauntlet | Found a transporter.
 12509 | Gauntlet | Found a transporter.
 12509 | Gauntlet | Found a runed translucent door.
 12509 | Gauntlet | Found a large runed translucent door.
 12509 | Gauntlet | Found a large runed translucent door.
 12509 | Gauntlet | Found a large runed translucent door.
 12509 | Gauntlet | Found a large runed translucent door.
 12509 | Gauntlet | Found a large runed translucent door.
 12509 | Gauntlet | Found a large runed translucent door.
 12526 | Gauntlet | Found a transporter.
 12526 | Gauntlet | Found a transporter.
 12535 | Gauntlet | Found a transporter.
 12554 | Gauntlet | Found a transporter.
 12554 | Gauntlet | Found a transporter.
 12564 | Gauntlet | Found a transporter.
 12564 | Gauntlet | Found a transporter.
 12569 | Gauntlet | Noticed a quicksilver ooze
 12570 | Gauntlet | Found a transporter.
 12606 | Gauntlet | Found a transporter.
 12619 | Gauntlet | Found a large runed translucent door.
 12620 | Gauntlet | Found a large runed translucent door.
 12622 | Gauntlet | Found a runed translucent gate.
 12623 | Gauntlet | Found a runed translucent gate.
 12624 | Gauntlet | Found a transporter.
 12624 | Gauntlet | Found a runed translucent gate.
 12642 | Gauntlet | Found a large runed translucent door.
 12643 | Gauntlet | Found a large runed translucent door.
 12670 | Gauntlet | Found a transporter.
 12686 | Gauntlet | Found a transporter.
 12787 | Gauntlet | Found a transporter.
 12801 | Gauntlet | Found a transporter.
 12801 | Gauntlet | Noticed a green death
 12924 | Gauntlet | Reached skill level 5 in Spellcasting
 12990 | Gauntlet | Identified the ring "Ceyproc" {*Slow +Blink rElec Will+
                  | Int+3}
 12994 | Gauntlet | Identified the amulet of Winebon {Faith rElec rC+ rN+
                  | Dex-3}
 13021 | Gauntlet | HP: 3/92 [poisoned by a meliai]
 13021 | Gauntlet | Slain by a meliai

Illustrated notes

Levels and vault maps discovered:
D:1:      kennysheep_arrival_seaside, layout_loops_corners, nrook_campfire
D:2:      layout_rooms, hellmonk_ecumenical_altar_crossroads, uniq_sigmund
D:3:      layout_rooms, mainiacjoe_overflow_divided_tiny, serial_undead,
          serial_undead_e, serial_undead_f, serial_undead_b, serial_undead_e,
          uniq_jessica, uniq_robin
D:4:      layout_gridville
D:5:      layout_basic, fedhas_bush_and_centaur_altar
D:6:      layout_gridville
D:7:      layout_rooms, kennysheep_mini, mainiacjoe_overflow_big_doors,
          mainiacjoe_overflow_small_starburst, minmay_temple_entry_arrows,
          uniq_pikel
D:8:      layout_basic, amcnicky_altar_gilded, uniq_grum
D:9:      layout_basic, minmay_lair_entry_lava
D:10:     layout_irregular_city, nicolae_vehumet_radiance,
          minmay_orc_entry_temple_small, serial_bayou, serial_bayou_pond_b,
          serial_bayou_lake_a, serial_bayou_shore_a, serial_bayou_lagoon_a,
          grunt_ministairs_2, uniq_fannar
D:11:     layout_long_grid
D:12:     layout_big_octagon, gauntlet_entry_generic, kennysheep_generic_room_16
Gauntlet: gammafunk_gauntlet_branching
          [minmay_gauntlet_arena_make_your_own_arena,
          nicolae_gauntlet_arena_flowing_pool, gammafunk_gauntlet_arena_grid,
          gammafunk_gauntlet_arena_spirals, nicolae_gauntlet_arena_grate_2,
          nicolae_gauntlet_arena_t_cross,
          gammafunk_gauntlet_arena_split_diamond,
          gammafunk_gauntlet_arena_corners,
          nicolae_gauntlet_exit_dead_adventurers]

Skill      XL: |  1  2  3  4  5  6  7  8  9 10 11 12 |
---------------+-------------------------------------+-----
Fire Magic     | 3 4 5 6 7 8 |  8.5
Short Blades   | 1 2 3 4 6 8 |  8.0
Conjurations   | 2 3 4 5 6 7 |  7.8
Fighting       | 5 6 7 8 |  8.1
Hexes          | 3 |  3.0
Stealth        | 4 |  4.0
Evocations     | 4 6 |  6.5
Armour         | 3 |  3.0
Dodging        | 2 4 |  4.9
Spellcasting   | 3 4 5 |  5.2

Action                   |  1- 3 |  4- 6 |  7- 9 | 10-12 || total
-------------------------+-------+-------+-------+-------++-------
Melee: Dagger            |    53 |    89 |    97 |       ||   239
       Quick blade       |       |       |    85 |   330 ||   415
 Cast: Foxfire           |    17 |    22 |    81 |   119 ||   239
       Inner Flame       |       |       |     4 |       ||     4
       Flame Wave        |       |       |       |     4 ||     4
Evoke: Wand              |       |       |     1 |     2 ||     3
  Use: Scroll            |     2 |     3 |     6 |    12 ||    23
       Potion            |       |       |       |     3 ||     3
 Stab: Sleeping          |     5 |     2 |     2 |     1 ||    10
       Distracted        |       |       |     2 |     8 ||    10
       Paralysed         |       |       |       |     2 ||     2
Armor: Robe              |    19 |    33 |    41 |    13 ||   106
       Acid dragon scale |       |       |       |    18 ||    18
       Troll leather arm |       |       |       |    31 ||    31
Dodge: Dodged            |    41 |    59 |    95 |   104 ||   299

Table legend: (Time is in decaauts)
 A = Elapsed time spent in this place.
 B = Non-inter-level travel time spent in this place.
 C = Inter-level travel time spent in this place.
 D = Time resting spent in this place.
 E = Time spent auto-exploring this place.
 F = Levels seen in this place.
 G = Mean time per level.
                   A        B        C        D        E       F      G
               +--------+--------+--------+--------+--------+-----+--------+
         Total |  12766 |  12380 |    386 |     49 |  10521 |  13 |  982.0 |
       Dungeon |  12280 |  11894 |    386 |     34 |  10225 |  12 | 1023.3 |
      Gauntlet |    486 |    486 |      0 |     15 |    296 |   1 |  486.0 |
               +--------+--------+--------+--------+--------+-----+--------+

Top non-repeatable levels by time:
     D:5: 1652 daAuts
     D:1: 1454 daAuts
     D:4: 1410 daAuts
    D:10: 1358 daAuts
     D:9: 1297 daAuts
     D:8: 1281 daAuts
    D:11: 864 daAuts
     D:6: 861 daAuts
     D:3: 756 daAuts
     D:7: 702 daAuts
     D:2: 585 daAuts
Gauntlet: 486 daAuts
    D:12: 53 daAuts
